 Dungeon Crawl Stone Soup version 0.30-a0-1114-gd936c97349 (webtiles) character file.

Game seed: 16909081297160713812

470 themarg the Firebug (level 6, -1/47 HPs)
             Began as a Demonspawn Cinder Acolyte on Apr 20, 2023.
             Was an Elder of Ignis.
             Killed from afar by an orc wizard (4 damage)
             ... with a magic dart
             ... on level 4 of the Dungeon.
             The game lasted 00:09:39 (4479 turns).

themarg the Firebug (Demonspawn Cinder Acolyte)     Turns: 4479, Time: 00:09:40

Health: -1/47      AC:  3    Str: 14    XL:     6   Next: 82%
Magic:  3/9        EV: 11    Int: 17    God:    Ignis [****..]
Gold:   213        SH:  0    Dex:  9    Spells: 6/9 levels left

rFire   + . .      SeeInvis .    a - -1 short sword (flame)
rCold   . . .      Faith    .    (no shield)
rNeg    . . .      Spirit   .    b - +0 robe
rPois   .          Reflect  .    n - +0 helmet
rElec   .          Rampage  .    (no cloak)
rCorr   .                        (no gloves)
Will    .....                    (no boots)
Stlth   +                        (no amulet)
HPRegen 0.27/turn                (no ring)
MPRegen 0.11/turn                (no ring)

@: confused
A: powered by death 1
a: Renounce Religion, Fiery Armour, Foxfire Swarm, Rising Flame


You were on level 4 of the Dungeon.
You worshipped Ignis.
Ignis was greatly pleased with you.
You visited 1 branch of the dungeon, and saw 4 of its levels.

You collected 213 gold pieces.

Inventory:

Hand Weapons
 a - a -1 short sword of flaming (weapon)
Missiles
 c - 3 boomerangs
 d - 20 stones
 f - 4 poisoned darts (quivered)
 k - 3 atropa-tipped darts
Armour
 b - a +0 robe (worn)
 n - a +0 helmet (worn)
Jewellery
 r - a ring of magical power
Wands
 q - a wand of paralysis (10)
Scrolls
 e - 2 scrolls of teleportation {unknown}
 g - a scroll of blinking {unknown}
 i - a scroll of identify {unknown}
 j - 2 scrolls of noise {unknown}
 l - a scroll of amnesia {unknown}
 o - 3 scrolls of immolation {unknown}
Potions
 h - a potion of heal wounds
 m - a potion of might {unknown}
 p - 2 potions of magic {unknown}
 s - a potion of ambrosia {unknown}
 t - 2 potions of brilliance {unknown}


   Skills:
 - Level 3.1 Fighting
 - Level 2.8 Short Blades
 - Level 3.0 Stealth
 - Level 2.0 Spellcasting
 + Level 1.6 Conjurations
 + Level 5.7 Fire Magic


You had 6 spell levels left.
You knew the following spells:

 Your Spells              Type           Power      Damage    Failure   Level
a - Scorch                Fire           42%        2d7       2%          2
b - Foxfire               Conj/Fire      56%        2x1d6     4%          1

Your spell library contained the following spells:

 Spells                   Type           Power      Damage    Failure   Level
 Necrotise                Necr           4%         1d4       19%         1
 Vampiric Draining        Necr           1%         2d6       50%         3
 Fireball                 Conj/Fire      7%         3d5       75%         5
 Petrify                  Tmut/Erth      1%         N/A       88%         4
 Agony                    Necr           1%         N/A       99%         5
 Metabolic Englaciation   Hex/Ice        0%         N/A       99%         5
 Plasma Beam              Fire/Air       5%         2x1d17    100%        6
 Starburst                Conj/Fire      7%         6d4       100%        6
 Statue Form              Tmut/Erth      0%         N/A       100%        6


Dungeon Overview and Level Annotations

Branches:
Dungeon (4/15)
 Temple: D:4-7

Altars:
Hepliaklqana
Makhleb
Ru
Yredelemnul

Shops:
D:4 *


Innate Abilities, Weirdness & Mutations

You regenerate a little health from kills.


Message History

Something hits you.
Okay, then.
Something hits you.
The orc wizard hits you with a +0 dagger.
You hear some strange, mumbled words.
You are more confused.
The orc wizard hits you but does no damage.
Something hits you but does no damage.
The orc wizard hits you but does no damage.
Something hits you. Something hits you. The orc wizard closely misses you.
Something barely misses you.
The orc wizard hits you but does no damage.
Something hits you.
The orc wizard is no longer more vulnerable to fire.
Something hits you.
The orc wizard hits you with a +0 dagger.
Something hits you. The orc wizard barely misses you. Something hits you.
* * * LOW HITPOINT WARNING * * *
Something hits you but does no damage.
The orc wizard hits you with a +0 dagger.
* * * LOW HITPOINT WARNING * * *
Something hits you.
* * * LOW HITPOINT WARNING * * *
The orc wizard gestures at you while chanting.
The puff of flame hits you. You resist.
* * * LOW HITPOINT WARNING * * *
You hear some strange, mumbled words.
You are more confused.
The orc wizard hits you with a +0 dagger.
* * * LOW HITPOINT WARNING * * *
Something hits you but does no damage. Something hits you.
* * * LOW HITPOINT WARNING * * *
The orc wizard completely misses you. Something hits you.
* * * LOW HITPOINT WARNING * * *
The orc wizard points at you and mumbles some strange words.
The magic dart hits you.
You die...

.#######...# .##......###
......#.## .....##.#
.....#..## ......... ##
### ...........# #.##
....)..#..# ###..##
..........###...@.#
...<...##......o.##
#...<..##....##.## ###
.........###..#).# ##.##
..)......##).)..#####...##
...#....##......##.#.....#
..o#o....#......>......###
#.................###..#
#o..................#..#


You could see an orc wizard.

Vanquished Creatures
  An ogre (D:4)
  A jelly (D:4)
  An iguana (D:4)
  Ijyb (D:3)
  Natasha (thrice) (D:2)
  Terence (D:2)
  An orc wizard (D:4)
  Robin (D:2)
  4 gnolls (D:2)
  4 adders (D:2)
  3 dart slugs
  6 orcs (D:4)
  An endoplasm (D:1)
  6 giant cockroaches
  10 goblins
  9 hobgoblins
  4 jackals (D:1)
  5 kobolds
  4 quokkas
  9 ball pythons
  2 bats
  5 frilled lizards
  8 rats
90 creatures vanquished.

Notes
Turn   | Place    | Note
-------+----------+-------------------------------------------
     0 | D:1      | themarg the Demonspawn Cinder Acolyte began the quest for
                  | the Orb.
     0 | D:1      | Reached XP level 1. HP: 18/18 MP: 2/2
   209 | D:1      | Gained mutation: You regenerate a little health from kills.
                  | [demonic ancestry]
   209 | D:1      | Reached XP level 2. HP: 17/24 MP: 3/3
   212 | D:1      | Learned a level 2 spell: Scorch
   567 | D:1      | Found a faded altar of an unknown god.
   677 | D:1      | Reached skill level 3 in Fire Magic
   893 | D:2      | Reached XP level 3. HP: 24/29 MP: 0/5
   904 | D:2      | Reached skill level 1 in Stealth
  1155 | D:2      | Noticed Natasha
  1162 | D:2      | Killed Natasha
  1163 | D:2      | Reached XP level 4. HP: 26/35 MP: 1/7
  1218 | D:2      | Noticed Terence
  1351 | D:2      | Killed Terence
  1616 | D:2      | Found a hazy altar of Hepliaklqana.
  1811 | D:2      | Noticed Natasha
  1815 | D:2      | Killed Natasha
  1816 | D:2      | Reached XP level 5. HP: 33/41 MP: 1/8
  1944 | D:2      | Reached skill level 4 in Fire Magic
  1992 | D:2      | Noticed Natasha
  1996 | D:2      | Killed Natasha
  2138 | D:2      | Noticed Robin
  2321 | D:2      | Killed Robin
  3134 | D:3      | Found a basalt altar of Yredelemnul.
  3134 | D:3      | Found a burning altar of Makhleb.
  3356 | D:3      | Found a sacrificial altar of Ru.
  3357 | D:3      | Noticed Ijyb
  3394 | D:3      | Killed Ijyb
  3395 | D:3      | Reached XP level 6. HP: 47/47 MP: 2/9
  3740 | D:4      | Reached skill level 5 in Fire Magic
  4206 | D:4      | Found Ihasch's Fire Supplies.
  4273 | D:4      | Reached skill level 1 in Conjurations
  4351 | D:4      | Learned a level 1 spell: Foxfire
  4479 | D:4      | Killed from afar by an orc wizard

Illustrated notes

Levels and vault maps discovered:
D:1:      spicycebolla_green_bress_n_ham, layout_basic,
          hellmonk_ecumenical_altar_zigzags
D:2:      layout_loops_ring, basic_altar, uniq_terence, uniq_robin, uniq_natasha
D:3:      layout_basic, amcnicky_altar_gilded, lemuel_doored_altar,
          chequers_temple_overflow_statue_of_worship, uniq_ijyb
D:4:      layout_cave_pools, gammafunk_temple_overflow_forgotten,
          nicolae_shop_fire_sale [nicolae_sub_dead_trees],
          grunt_decor_resistance

Skill      XL: |  1  2  3  4  5  6 |
---------------+-------------------+-----
Fire Magic     | 3 4 5 |  5.7
Stealth        | 1 2 3 |  3.0
Spellcasting   | 2 |  2.0
Conjurations   | 1 |  1.6
Fighting       | |  3.1
Short Blades   | |  2.8

Action                     |  1- 3 |  4- 6 || total
---------------------------+-------+-------++-------
  Melee: Short sword       |    59 |    39 ||    98
         Punch             |       |     1 ||     1
  Throw: Dart              |       |     1 ||     1
   Cast: Scorch            |    16 |    89 ||   105
 Invoke: Fiery Armour      |     3 |     1 ||     4
    Use: Potion            |       |     1 ||     1
 Armour: Robe              |    14 |    14 ||    28
  Dodge: Dodged            |    30 |    33 ||    63

Table legend: (Time is in decaauts)
 A = Elapsed time spent in this place.
 B = Non-inter-level travel time spent in this place.
 C = Inter-level travel time spent in this place.
 D = Time resting spent in this place.
 E = Time spent auto-exploring this place.
 F = Levels seen in this place.
 G = Mean time per level.
                   A        B        C        D        E       F      G
               +--------+--------+--------+--------+--------+-----+--------+
         Total |   4478 |   4343 |    135 |    281 |   3391 |   4 | 1119.5 |
       Dungeon |   4478 |   4343 |    135 |    281 |   3391 |   4 | 1119.5 |
               +--------+--------+--------+--------+--------+-----+--------+

Top non-repeatable levels by time:
     D:2: 1786 daAuts
     D:3: 1271 daAuts
     D:1: 923 daAuts
     D:4: 497 daAuts
